 Dungeon Crawl Stone Soup version 0.29-a0-284-gf9362112df (webtiles) character file.

Game seed: 13837713121886270788

253 bande the Covered (level 6, -5/38 HPs)
             Began as a Gargoyle Fighter on Mar 30, 2022.
             Slain by Duvessa
             ... wielding a +0 short sword
              (15 damage)
             ... on level 3 of the Dungeon.
             The game lasted 00:04:35 (2685 turns).

bande the Covered (Gargoyle Fighter)                Turns: 2685, Time: 00:04:35

Health: -5/38      AC: 12    Str: 20    XL:     6   Next: 14%
Magic:  6/6        EV:  9    Int:  8    God:
Gold:   127        SH:  4    Dex: 11    Spells: 5/5 levels left

rFire   + . .      SeeInvis .   a - +0 war axe
rCold   + . .      Faith    .   c - +0 buckler
rNeg    + . .      Spirit   .   b - +0 scale mail
rPois   ∞          Reflect  .   k - +0 helmet
rElec   +          Harm     .   g - scarf {rC+ rF+}
rCorr   .          Rampage  .   (no gloves)
Will    .....                   (no boots)
Stlth   ..........              e - amulet of regeneration
HPRegen 0.92/turn               (no ring)
MPRegen 0.10/turn               (no ring)

@: no status effects
A: sickness immunity, AC +4, negative energy resistance 1, electricity
resistance, torment resistance 1, petrification resistance
a: no special abilities


You were on level 3 of the Dungeon.
You visited 1 branch of the dungeon, and saw 4 of its levels.

You collected 127 gold pieces.

Inventory:

Hand Weapons
 a - a +0 war axe (weapon)
 l - a +0 war axe
 q - a +0 morningstar
Armour
 b - a +0 scale mail (worn)
 c - a +0 buckler (worn)
 g - a scarf of resistance (worn)
 k - a +0 helmet (worn)
Jewellery
 e - an amulet of regeneration (around neck)
Scrolls
 f - a scroll of teleportation
 h - a scroll of fear
 p - a scroll of summoning {unknown}
Potions
 d - a potion of might
 i - 2 potions of heal wounds
 j - 3 potions of invisibility
 m - a potion of lignification {unknown}
 n - a potion of mutation {unknown}
 o - a potion of haste {unknown}


   Skills:
 + Level 4.1 Fighting
 + Level 4.2 Axes
 + Level 4.3 Armour
 + Level 4.1 Shields


You had 5 spell levels left.
You didn't know any spells.
Your spell library contained the following spells:

 Spells                   Type           Power      Damage    Failure   Level
 Freeze                   Ice            0%         1d3       83%         1
 Frozen Ramparts          Ice            0%         1d2       99%         3
 Hailstorm                Conj/Ice       0%         3d3       100%        4


Dungeon Overview and Level Annotations

Branches:
Dungeon (4/15)
 Temple: D:4-7

Altars:
Vehumet
Lugonu

Shops:
D:3 (

Portals:
Abyss: D:3

Annotations:
D:3 Duvessa
D:4 Edmund


Innate Abilities, Weirdness & Mutations

You are immune to sickness and miasma.
Your stone body is resilient. (AC +4)
You are immune to poison.
You resist negative energy. (rN+)
You are resistant to electric shocks. (rElec)
You are resistant to unholy torment.
You are immune to petrification.


Message History

You hit Dowan.
Dowan is moderately wounded.
You closely miss Duvessa. Duvessa hits you with a +0 short sword!
Dowan casts a spell.
Dowan blinks!
Duvessa completely misses you. You block Dowan's attack.
Things that are here:
a +0 club; a +0 ring mail Unknown command.
You closely miss Dowan.
Dowan is moderately wounded.
You hit Duvessa. Duvessa hits you but does no damage.
Dowan hits you but does no damage.
You barely miss Dowan.
Dowan is moderately wounded.
You hit Duvessa. Duvessa hits you but does no damage.
Dowan completely misses you.
Unknown command.
You slash Dowan!
Dowan is severely wounded.
You barely miss Duvessa. Duvessa hits you with a +0 short sword.
Dowan hits you with a +0 dagger. Duvessa barely misses you.
Dowan hits you but does no damage.
You miss Dowan.
Dowan is severely wounded.
You barely miss Duvessa. Duvessa barely misses you.
Dowan points at you and mumbles some strange words.
You resist with some effort.
Unknown command.
You slash Dowan!
You kill Dowan!
Duvessa screams in rage.
Duvessa goes berserk!
You hit Duvessa. Duvessa hits you with a +0 short sword!
* * * LOW HITPOINT WARNING * * *
Duvessa barely misses you.
You have reached level 6!
You hit Duvessa.
Duvessa is heavily wounded.
Duvessa hits you with a +0 short sword!
You die...

...............##......## #.#
## ...............#..##..###
#.# ##
.................#......# #.#
##. .....#.....##...##......#
#.###.)
####.......##.####......#
#.....) #^......#..#
##########..#..# #.........##
#..)###...##
#.......###########.......####
#.[........[e@).........### #
#.......###########...#.######
#.......# #...#.....##
#.......# #........<..
######### #...######## #...# #
##### #


You could see Duvessa (berserk).

Vanquished Creatures
  Dowan (D:3)
  3 orc wizards (D:3)
  2 adders
  4 gnolls (D:2)
  2 dart slugs (D:1)
  9 orcs (D:3)
  4 ball pythons
  5 endoplasms
  2 giant cockroaches
  3 goblins
  6 hobgoblins
  3 jackals (D:1)
  6 bats
  5 frilled lizards
  5 kobolds
  7 rats
67 creatures vanquished.

Vanquished Creatures (others)
  A lurking horror (D:3)
1 creature vanquished.

Grand Total: 68 creatures vanquished

Notes
Turn   | Place    | Note
-------+----------+-------------------------------------------
     0 | D:1      | bande the Gargoyle Fighter began the quest for the Orb.
     0 | D:1      | Reached XP level 1. HP: 14/14 MP: 1/1
    31 | D:1      | You fall into a shaft and drop 1 floor!
   198 | D:1      | Reached XP level 2. HP: 19/19 MP: 2/2
   605 | D:1      | Reached XP level 3. HP: 18/23 MP: 3/3
   616 | D:1      | Found a faded altar of an unknown god.
  1176 | D:2      | Found a radiant altar of Vehumet.
  1425 | D:2      | Reached XP level 4. HP: 29/29 MP: 4/4
  1808 | D:3      | Found a corrupted altar of Lugonu.
  1808 | D:3      | Found a one-way gate to the infinite horrors of the Abyss.
  1850 | D:3      | Reached XP level 5. HP: 33/33 MP: 5/5
  2369 | D:3      | Found Ojuggigi's Weapon Emporium.
  2520 | D:4      | Noticed Dowan
  2522 | D:4      | Noticed Duvessa
  2670 | D:4      | Noticed Edmund
  2684 | D:3      | Killed Dowan
  2685 | D:3      | Reached XP level 6. HP: 9/38 MP: 6/6
  2685 | D:3      | Slain by Duvessa

Illustrated notes

Levels and vault maps discovered:
D:1:      dpeg_chamrin_arrival_tetris, layout_basic,
          ebering_ecumenical_altar_box
D:2:      layout_loops_ring, basic_altar, dk_noncrumbling_3
D:3:      layout_rooms, serial_shops, shop, amcnicky_altar_lugonu_corruption
D:4:      layout_basic, uniq_edmund, uniq_duvessa

Skill      XL: |  1  2  3  4  5 |
---------------+----------------+-----
Axes           | 2 3 4 |  4.2
Armour         | 4 |  4.3
Shields        | 4 |  4.1
Fighting       | 4 |  4.1

Action                   |  1- 3 |  4- 6 || total
-------------------------+-------+-------++-------
Melee: War axe           |    87 |    87 ||   174
  Use: Scroll            |     5 |     4 ||     9
Armor: Scale mail        |    48 |    68 ||   116
Dodge: Dodged            |    58 |    47 ||   105
Block: Buckler           |    28 |    30 ||    58

Table legend: (Time is in decaauts)
 A = Elapsed time spent in this place.
 B = Non-inter-level travel time spent in this place.
 C = Inter-level travel time spent in this place.
 D = Time resting spent in this place.
 E = Time spent auto-exploring this place.
 F = Levels seen in this place.
 G = Mean time per level.
                   A        B        C        D        E       F      G
               +--------+--------+--------+--------+--------+-----+--------+
         Total |   2756 |   2709 |     47 |    498 |   1647 |   4 |  689.0 |
       Dungeon |   2756 |   2709 |     47 |    498 |   1647 |   4 |  689.0 |
               +--------+--------+--------+--------+--------+-----+--------+

Top non-repeatable levels by time:
     D:1: 938 daAuts
     D:2: 911 daAuts
     D:3: 895 daAuts
     D:4: 10 daAuts
